 Dungeon Crawl Stone Soup version 0.27-a0-1147-gb3d8e82157 (webtiles) character file.

Game seed: 16595985228911329755

617 robertstho the Magician (level 7, -6/47 HPs)
             Began as a Djinni Fire Elementalist on May 11, 2021.
             Was an Initiate of Gozag.
             Mangled by a gnoll
             ... wielding a +0 spear
              (11 damage)
             ... on level 5 of the Dungeon.
             The game lasted 00:06:31 (6547 turns).

robertstho the Magician (Djinni Fire Elementalist)  Turns: 6547, Time: 00:06:32

Health: -6/47      AC:  3    Str:  7    XL:     7   Next: 45%
Gold:   157        EV: 13    Int: 23    God:    Gozag SH:  0 Dex: 14

rFire    + + .     SeeInvis .   f - +7 dagger of the Destroying Spider {freeze, rPois Will- Int+5}
rCold    x . .     Faith    .   (no shield)
rNeg     . . .     Spirit   .   a - +0 robe
rPois    ∞         Reflect  .   e - +0 helmet
rElec    .         Harm     .   (no cloak)
rCorr    .         Rampage  .   (no gloves)
Will     .....                  (boots unavailable)
Stlth    ++........             (no amulet)
HPRegen  0.15/turn              (no ring)
MPRegen  0.00/turn              (no ring)

@: flying, very slightly contaminated, invisible
A: sickness immunity, fire resistance 2, cold vulnerability 1, float, innate
caster, hp casting, extra vitality 1
a: Renounce Religion, Potion Petition, Call Merchant, Bribe Branch


You were on level 5 of the Dungeon.
You worshipped Gozag.
Gozag was aware of your devotion.
You visited 2 branches of the dungeon, and saw 6 of its levels.

You collected 197 gold pieces.
You paid 40 gold pieces to Gozag.

Inventory:

Hand Weapons
 b - a +0 dagger
 f - the +7 dagger of the Destroying Spider (weapon) {freeze, rPois Will- Int+5}
   (You found it on level 4 of the Dungeon)

   It has been specially enchanted to freeze those struck by it, causing extra
   injury to most foes and up to half again as much damage against particularly
   susceptible opponents.
   It can also slow down cold-blooded creatures.
   It affects your intelligence (+5).
   It protects you from poison.
   It decreases your willpower.
 k - a +3 trident of venom
Armour
 a - a +0 robe (worn)
 e - a +0 helmet (worn)
Jewellery
 j - a ring of protection from fire
Wands
 g - a wand of charming (6)
Potions
 m - a potion of lignification


   Skills:
 + Level 1.1 Fighting
 + Level 3.2 Dodging
 + Level 3.1 Stealth
 + Level 6.2 Spellcasting


You couldn't memorise any spells.
You knew the following spells:

 Your Spells              Type           Power      Damage    Failure   Level
a - Foxfire               Conj/Fire      100%       2x1d9     1%          1
b - Conjure Flame         Conj/Fire      35%        6-21      1%          3
c - Inner Flame           Hex/Fire       35%        N/A       1%          3
d - Sticky Flame          Conj/Fire      35%        2d5       6%          4
e - Fireball              Conj/Fire      17%        3d9       19%         5
f - Beastly Appendage     Tmut           70%        N/A       1%          1
g - Searing Ray           Conj           70%        3d5       1%          2
h - Call Canine Familiar  Summ           35%        N/A       1%          3
Your spell library was empty.

Dungeon Overview and Level Annotations

Branches:
Dungeon (5/15)             Temple (1/1) D:4

Altars:
Cheibriados
Dithmenos
Gozag
Hepliaklqana
Makhleb
Nemelex Xobeh
Okawaru
Ru
Uskayaw
Vehumet
Wu Jian
Xom
Yredelemnul
Zin
The Shining One


Innate Abilities, Weirdness & Mutations

You are immune to sickness and miasma.
You are immune to poison.
Your flesh is very heat resistant. (rF++)
You are vulnerable to cold. (rC-)
You float through the air rather than walking.
You learn spells naturally, not from books.
Your magical power is your life essence.
You have superior vitality. (+4 HP)


Message History

The gnoll is moderately wounded.
The gnoll closely misses you.
The gnoll shaman utters an invocation to its god.
The gnoll shaman is healed somewhat.
The gnoll hits you but does no damage.
The foxfire hits the gnoll shaman but does no damage.
The gnoll shaman is heavily wounded.
The foxfire hits the gnoll shaman but does no damage.
The gnoll shaman is heavily wounded.
You see here 24 bolts.
The gnoll shaman calls upon its god to speed up the gnoll.
The gnoll seems to speed up.
The gnoll becomes distracted by the nearby gold, dreaming of imaginary riches.
The gnoll shouts!
A bullfrog skeleton comes into view.
As you read the scroll of identify, it crumbles to dust.
m - a potion of lignification
As you read the scroll labelled IMEUBE HYRE, it crumbles to dust.
You assume a fearsome visage.
The bullfrog skeleton is unaffected.
It was a scroll of fear.
The bullfrog skeleton misses you.
As you read the scroll labelled ENEIBA IPNAGH, it crumbles to dust.
It is a scroll of amnesia.
You feel forgetful for a moment.
The bullfrog skeleton completely misses you.
As you read the scroll labelled RUUL XADYSHOA, it crumbles to dust.
You hear a loud clanging noise!
It was a scroll of noise.
The bullfrog skeleton barely misses you.
You fade into invisibility!
The gnoll hits you from afar with a +0 spear!
* * * LOW HITPOINT WARNING * * *
The bullfrog skeleton misses you. The gnoll shaman completely misses you.
The gnoll hits you from afar with a +0 spear.
* * * LOW HITPOINT WARNING * * *
The bullfrog skeleton barely misses you.
You are very lightly contaminated with residual magic.
You hit the bullfrog skeleton.
The bullfrog skeleton is lightly damaged.
The gnoll hits you from afar with a +0 spear!
You die...
Your body crumbles into a pile of gold.

..# #.#
#.##.......####.#
#.#....<..... ...
#...⌠.....⌠.# #.#
#..........# #.#
#....⌠g⌠...# #Z#
#.........# #@#
#.⌠.g...⌠.###g#
#....<.(ggg.g.#
##...$...######
##.....## #######


You could see a gnoll shaman, a gnoll (fast) and a bullfrog skeleton.

Vanquished Creatures
  An ice beast (D:4)
  A phantom (D:4)
  Blork the orc (D:4)
  A bullfrog (D:4)
  A scorpion (D:2)
  An orc priest (D:3)
  A centaur skeleton (D:3)
  An iguana (D:4)
  Terence (D:3)
  A hound skeleton (D:4)
  4 gnolls
  An adder (D:4)
  A worm (D:4)
  3 dart slugs
  8 orcs
  4 endoplasms
  6 giant cockroaches
  3 goblins (D:1)
  5 hobgoblins
  9 jackals
  3 quokkas
  4 ball pythons
  6 bats
  A frilled lizard (D:2)
  8 kobolds
  3 rats
79 creatures vanquished.

Vanquished Creatures (collateral kills)
  A foxfire (D:4)
1 creature vanquished.

Vanquished Creatures (others)
  412 foxfires
412 creatures vanquished.

Grand Total: 492 creatures vanquished

Notes
Turn   | Place    | Note
-------+----------+-------------------------------------------
     0 | D:1      | robertstho the Djinni Fire Elementalist began the quest for
                  | the Orb.
     0 | D:1      | Reached XP level 1. HP: 15/15 MP: 0/0
   144 | D:1      | Found a faded altar of an unknown god.
   165 | D:1      | Reached skill level 3 in Spellcasting
   165 | D:1      | Reached XP level 2. HP: 15/21 MP: 0/0
  1282 | D:1      | Reached XP level 3. HP: 23/25 MP: 0/0
  1282 | D:1      | Learned a level 1 spell: Beastly Appendage
  2849 | D:2      | Noticed a scorpion
  2863 | D:2      | Killed a scorpion
  2864 | D:2      | Reached skill level 4 in Spellcasting
  2864 | D:2      | Reached XP level 4. HP: 10/31 MP: 0/0
  3372 | D:3      | Reached XP level 5. HP: 24/35 MP: 0/0
  3372 | D:3      | Learned a level 2 spell: Searing Ray
  3921 | D:3      | Noticed Terence
  3935 | D:3      | Killed Terence
  4976 | D:4      | Noticed an ice beast
  4981 | D:4      | Killed an ice beast
  4982 | D:4      | Reached skill level 5 in Spellcasting
  4982 | D:4      | Reached XP level 6. HP: 26/41 MP: 0/0
  5344 | D:4      | Found a staircase to the Ecumenical Temple.
  5358 | D:4      | Reached skill level 1 in Fighting
  5358 | D:4      | Reached XP level 7. HP: 14/47 MP: 0/0
  5358 | D:4      | Learned a level 3 spell: Call Canine Familiar
  5368 | Temple   | Entered the Ecumenical Temple
  5706 | Temple   | Became a worshipper of Gozag Ym Sagoz the Greedy
  5782 | D:4      | Identified the +7 dagger of the Destroying Spider {freeze,
                  | rPois Will- Int+5}
  6033 | D:4      | Reached skill level 6 in Spellcasting
  6165 | D:4      | Noticed Blork the orc
  6173 | D:4      | Killed Blork the orc
  6526 | D:5      | Entered Level 5 of the Dungeon
  6547 | D:5      | Mangled by a gnoll

Illustrated notes

Levels and vault maps discovered:
D:1:      lemuel_arrival_room, layout_basic, basic_ecumenical_altar
D:2:      layout_loops_corners
D:3:      layout_loops_ring, uniq_terence
D:4:      layout_basic, temple_green, eino_curves_03, uniq_blork_the_orc
D:5:      layout_loops_ring, grunt_ministairs_10, chequers_mini_garden,
          kb_lookout_dungeons_type
Temple:   nicolae_temple_elliptical

Skill      XL: |  1  2  3  4  5  6  7 |
---------------+----------------------+-----
Spellcasting   | 3 4 5 6 |  6.2
Stealth        | 2 3 |  3.1
Fighting       | 1 |  1.1
Dodging        | 3 |  3.2

Action                   |  1- 3 |  4- 6 |  7- 9 || total
-------------------------+-------+-------+-------++-------
Melee: Dagger            |       |       |     1 ||     1
 Cast: Foxfire           |   121 |    90 |    41 ||   252
       Sticky Flame      |       |     2 |       ||     2
  Use: Scroll            |     1 |       |     4 ||     5
       Potion            |       |     2 |     1 ||     3
Armor: Robe              |     5 |     5 |     1 ||    11
Dodge: Dodged            |    14 |    19 |    15 ||    48

Table legend: (Time is in decaauts)
 A = Elapsed time spent in this place.
 B = Non-inter-level travel time spent in this place.
 C = Inter-level travel time spent in this place.
 D = Time resting spent in this place.
 E = Time spent auto-exploring this place.
 F = Levels seen in this place.
 G = Mean time per level.
                   A        B        C        D        E       F      G
               +--------+--------+--------+--------+--------+-----+--------+
         Total |   6529 |   6351 |    178 |    393 |   5350 |   6 | 1088.2 |
       Dungeon |   6167 |   6022 |    145 |    393 |   5022 |   5 | 1233.4 |
        Temple |    361 |    329 |     32 |      0 |    328 |   1 |  361.0 |
               +--------+--------+--------+--------+--------+-----+--------+

Top non-repeatable levels by time:
     D:2: 1775 daAuts
     D:3: 1582 daAuts
     D:1: 1578 daAuts
     D:4: 1209 daAuts
  Temple: 361 daAuts
     D:5: 20 daAuts
